 Dungeon Crawl Stone Soup version 0.29.1-2-gbd0b4ee654 (webtiles) character file.

Game seed: 8611196425999094768

114 Avanven the Shooter (level 4, -2/36 HPs)
             Began as a Demigod Hunter on Nov 5, 2022.
             Killed from afar by Sigmund (4 damage)
             ... with a magic dart
             ... on level 2 of the Dungeon.
             The game lasted 00:04:56 (2148 turns).

Avanven the Shooter (Demigod Hunter)                Turns: 2148, Time: 00:04:56

Health: -2/36      AC:  4    Str: 12    XL:     4   Next: 41%
Magic:  6/6        EV: 16    Int: 11    God:
Gold:   128        SH:  0    Dex: 21    Spells: 3/3 levels left

rFire   . . .      SeeInvis .   a - +0 shortbow
rCold   . . .      Faith    .   (shield currently unavailable)
rNeg    . . .      Spirit   .   c - +0 leather armour
rPois   .          Reflect  .   (no helmet)
rElec   .          Harm     .   (no cloak)
rCorr   .          Rampage  .   (no gloves)
Will    .....                   l - +0 pair of boots
Stlth   +.........              (no amulet)
HPRegen 0.12/turn               k - +4 ring of evasion
MPRegen 0.10/turn               (no ring)

@: confused
A: high MP 1, forlorn, divine attributes
a: no special abilities


You were on level 2 of the Dungeon.
You visited 1 branch of the dungeon, and saw 2 of its levels.

You collected 128 gold pieces.

Inventory:

Hand Weapons
 a - a +0 shortbow (weapon)
Armour
 c - a +0 leather armour (worn)
 l - a +0 pair of boots (worn)
Jewellery
 k - a +4 ring of evasion (left hand)
Wands
 j - a wand of light (3)
Scrolls
 b - a scroll of immolation
 d - a scroll of amnesia
 f - a scroll of identify
 g - a scroll of teleportation
Potions
 e - a potion of flight
 i - a potion of lignification {unknown}


   Skills:
 + Level 2.0 Fighting
 * Level 5.4 Ranged Weapons
 - Level 1.7 Dodging
 - Level 0.8 Stealth


You had 3 spell levels left.
You didn't know any spells.
Your spell library was empty.

Dungeon Overview and Level Annotations

Branches:
Dungeon (2/15)

Annotations:
D:2 Sigmund


Innate Abilities, Weirdness & Mutations

You have an increased reservoir of magic. (+10% MP)
You shall have no god before yourself.
Your divine heritage dramatically boosts your attributes as you level up.


Message History

Aim: Sigmund, wielding a +2 vorpal scythe, wearing a +0 robe and carrying a wand of flame (18) (severely wounded, 68% to hit)
The bolt of light hits Sigmund!
Sigmund is almost dead.
Sigmund is blinded.
Sigmund gestures at you while chanting. The magic dart hits you!
You are too injured to fight recklessly!
Fire: a) +0 shortbow
Press: ? - help, Q - select action, (/) - cycle Shift-Dir - straight line, f/p - Sigmund
Aim: Sigmund, wielding a +2 vorpal scythe, wearing a +0 robe and carrying a wand of flame (18) (almost dead, blind, 62% to hit)
You shoot an arrow. The arrow closely misses Sigmund.
Fire: a) +0 shortbow
Press: ? - help, Q - select action, (/) - cycle Shift-Dir - straight line, f/p - Sigmund
Aim: Sigmund, wielding a +2 vorpal scythe, wearing a +0 robe and carrying a wand of flame (18) (almost dead, blind, 62% to hit)
You shoot an arrow. The arrow barely misses Sigmund.
Sigmund casts a spell at you.
You are confused.
You bump into the rock wall.
Sigmund barely misses you.
You bump into the rock wall.
Sigmund casts a spell at you. The puff of flame hits you!
* * * LOW HITPOINT WARNING * * *
You bump into the rock wall.
You bump into the rock wall.
Sigmund casts a spell at you.
You are more confused.
Sigmund zaps a wand.
The puff of flame misses you.
Non-targeted confused fire: a) +0 shortbow
Press: ? - help, Q - select action, (/) - cycle Dir - look around, f - activate Look: Sigmund, wielding a +2 vorpal scythe, wearing a +0 robe and carrying a wand of flame (17) (almost dead, blind)
You shoot an arrow. Sigmund gestures at you while chanting.
You resist with some effort.
Non-targeted confused fire: a) +0 shortbow
Press: ? - help, Q - select action, (/) - cycle Dir - look around, f - activate Look: Sigmund, wielding a +2 vorpal scythe, wearing a +0 robe and carrying a wand of flame (17) (almost dead, blind)
You shoot an arrow. Sigmund casts a spell at you. The magic dart hits you.
You die...

.........
.................
.......
##########รท...... ..>..
#?...... ... #.......
#@# #[)..... #.#
######....... #.#
####............
#.#######....####.......
#....@.@..#### #......#
########### #......#
#......# ##......
##..... #####. ##


You could see Sigmund (blind).

Vanquished Creatures
  Jessica (D:2)
  4 adders (D:2)
  A dart slug (D:2)
  4 ball pythons
  6 endoplasms
  4 giant cockroaches
  A goblin (D:2)
  7 hobgoblins
  3 quokkas
  6 bats
  4 frilled lizards
  3 kobolds (D:1)
  4 rats
48 creatures vanquished.

Notes
Turn   | Place    | Note
-------+----------+-------------------------------------------
     0 | D:1      | Avanven the Demigod Hunter began the quest for the Orb.
     0 | D:1      | Reached XP level 1. HP: 17/17 MP: 3/3
   150 | D:1      | Reached skill level 4 in Ranged Weapons
   175 | D:1      | Reached XP level 2. HP: 24/24 MP: 4/4
   859 | D:2      | Reached XP level 3. HP: 16/29 MP: 5/5
  1058 | D:2      | Noticed Jessica
  1059 | D:2      | Noticed Sigmund
  1061 | D:2      | Killed Jessica
  1062 | D:2      | Reached skill level 5 in Ranged Weapons
  1657 | D:2      | Reached XP level 4. HP: 36/36 MP: 6/6
  2148 | D:2      | Killed from afar by Sigmund

Illustrated notes

Levels and vault maps discovered:
D:1:      erik_arrival_blinker_ship, layout_basic,
          chequers_ecumenical_altar_simple
D:2:      minmay_thinvault, layout_rooms, minmay_tetromino_l4, uniq_sigmund,
          uniq_jessica

Skill      XL: |  1  2  3  4 |
---------------+-------------+-----
Ranged Weapons | 4 5 |  5.4
Fighting       | 2 |  2.0
Dodging        | |  1.7
Stealth        | |  0.8

Action                   |  1- 3 |  4- 6 || total
-------------------------+-------+-------++-------
 Fire: Shortbow          |    67 |    43 ||   110
Evoke: Wand              |       |     2 ||     2
  Use: Scroll            |     5 |       ||     5
       Potion            |     2 |     1 ||     3
Armor: Leather armour    |     5 |     8 ||    13
Dodge: Dodged            |    15 |    23 ||    38
